[ AOE2 MATCH · #472389859 ]
UnrankedArmenians vs Burmese
[ REPLAY ANALYSIS · EXTRACTED FROM THE RECORDED GAME ]
Feudal
11:28
Castle
—
Imperial
—
| APM avg | 49.2 |
| APM peak | 78 |
| eAPM avg | 21.3 |
| Villagers / military | 28 / 0 |
Focus
⚔️ 40.6% · 🌾 59.4%
Feudal
10:11
Castle
—
Imperial
—
| APM avg | 56.2 |
| APM peak | 80 |
| eAPM avg | 17.6 |
| Villagers / military | 28 / 4 |
Focus
⚔️ 34.7% · 🌾 65.3%
Scout Cavalry ×3 · Spearman ×1
Feudal
9:22
Castle
—
Imperial
—
| APM avg | 48.2 |
| APM peak | 85 |
| eAPM avg | 15.6 |
| Villagers / military | 30 / 2 |
Focus
⚔️ 49.7% · 🌾 50.3%
Scout Cavalry ×2
Feudal
9:26
Castle
—
Imperial
—
| APM avg | 49.4 |
| APM peak | 91 |
| eAPM avg | 14.1 |
| Villagers / military | 43 / 7 |
Focus
⚔️ 15.8% · 🌾 84.2%
Spearman ×5 · Archer ×2 · Unknown (2550) ×2
Match map
Initial resources + every placement click. Lines = walls · curves = elevation contours. ◆ gold · ⬟ stone · ● berries · ✦ relic · ◌ wall gap
Your base· Open — unwalled flank
MAIXA's base· ✓ Closed at 12:00 · 37t walls · no gate
ELEG | IronLeg's base· Open — unwalled flank
Bomberman's base· Open — unwalled flank
Smoothed initial terrain · ◌ = detected wall gap · hover for details
Inputs per minute
— Optimus - - MAIXA
Build order — Optimus
56 actions detected in the replay
| 0:01 | Create | Villager (Male) |
| 0:02 | Create | Villager (Male) |
| 0:04 | Build | House |
| 0:04 | Build | House |
| 0:18 | Create | Villager (Male) |
| 0:49 | Create | Villager (Male) |
| 1:32 | Create | Villager (Male) |
| 1:52 | Build | Mule Cart |
| 1:56 | Create | Villager (Male) |
| 2:23 | Create | Villager (Male) |
| 3:01 | Create | Villager (Male) |
| 3:26 | Build | House |
| 3:33 | Create | Villager (Male) |
| 3:47 | Build | House |
| 4:00 | Create | Villager (Male) |
| 4:24 | Create | Villager (Male) |
| 4:25 | Create | Villager (Male) |
| 4:46 | Build | Mill |
| 4:53 | Create | Villager (Male) |
| 5:20 | Create | Villager (Male) |
| 5:32 | Create | Villager (Male) |
| 5:38 | Create | Villager (Male) |
| 6:06 | Create | Villager (Male) |
| 6:19 | Create | Villager (Male) |
| 6:35 | Create | Villager (Male) |
| 6:37 | Create | Villager (Male) |
| 7:02 | Create | Villager (Male) |
| 8:13 | Build | Palisade Wall |
| 8:17 | Build | Palisade Wall |
| 8:22 | Create | Villager (Male) |
| 8:22 | Create | Villager (Male) |
| 8:26 | Build | Farm |
| 8:31 | Build | Farm |
| 8:45 | Build | Farm |
| 8:50 | Build | Mule Cart |
| 9:13 | Build | Palisade Wall |
| 9:18 | Research | Feudal Age |
| 9:39 | Create | Villager (Male) |
| 9:42 | Build | Barracks |
| 10:21 | Build | House |
| 11:04 | Create | Villager (Male) |
| 11:08 | Build | Palisade Wall |
| 11:28 | Age | Feudal Age |
| 11:40 | Create | Villager (Male) |
| 11:46 | Build | Stable |
| 11:55 | Create | Villager (Male) |
| 12:01 | Build | Blacksmith |
| 12:15 | Create | Villager (Male) |
| 12:25 | Build | House |
| 12:28 | Build | Palisade Wall |
| 12:30 | Build | Palisade Wall |
| 12:39 | Build | House |
| 12:41 | Build | Palisade Wall |
| 12:43 | Build | House |
| 12:45 | Build | Palisade Wall |
| 12:50 | Research | Castle Age |
Build order — MAIXA
73 actions detected in the replay
| 0:02 | Create | Villager (Male) |
| 0:02 | Create | Villager (Male) |
| 0:02 | Create | Villager (Male) |
| 0:04 | Build | House |
| 0:04 | Build | House |
| 0:05 | Create | Villager (Male) |
| 1:36 | Create | Villager (Male) |
| 1:54 | Create | Villager (Male) |
| 2:13 | Create | Villager (Male) |
| 2:13 | Create | Villager (Male) |
| 2:33 | Create | Villager (Male) |
| 2:48 | Build | Lumber Camp |
| 2:51 | Create | Villager (Male) |
| 3:27 | Create | Villager (Male) |
| 3:34 | Create | Villager (Male) |
| 3:50 | Build | House |
| 4:06 | Create | Villager (Male) |
| 4:26 | Build | House |
| 4:26 | Build | Palisade Wall |
| 4:34 | Create | Villager (Male) |
| 4:35 | Create | Villager (Male) |
| 5:06 | Build | Mill |
| 5:12 | Create | Villager (Male) |
| 5:41 | Create | Villager (Male) |
| 6:08 | Create | Villager (Male) |
| 6:40 | Research | Loom |
| 6:48 | Build | Barracks |
| 7:01 | Create | Villager (Male) |
| 7:15 | Build | House |
| 7:34 | Create | Villager (Male) |
| 7:38 | Build | House |
| 7:52 | Build | Palisade Wall |
| 7:53 | Build | Palisade Wall |
| 7:53 | Build | Palisade Wall |
| 8:01 | Research | Feudal Age |
| 8:01 | Research | Feudal Age |
| 8:26 | Build | Palisade Wall |
| 8:28 | Build | Palisade Wall |
| 8:30 | Build | Palisade Wall |
| 9:03 | Build | Palisade Wall |
| 9:39 | Build | Palisade Wall |
| 10:03 | Build | House |
| 10:04 | Build | Palisade Wall |
| 10:11 | Age | Feudal Age |
| 10:12 | Build | Stable |
| 10:15 | Research | Horse Collar |
| 10:17 | Create | Villager (Male) |
| 10:20 | Build | Farm |
| 10:20 | Build | Farm |
| 10:20 | Build | Farm |
| 10:20 | Build | Farm |
| 10:27 | Create | Villager (Male) |
| 10:35 | Create | Spearman |
| 10:39 | Create | Villager (Male) |
| 10:45 | Build | House |
| 10:48 | Build | Farm |
| 10:53 | Build | Farm |
| 11:10 | Build | Farm |
| 11:19 | Create | Scout Cavalry |
| 11:31 | Create | Villager (Male) |
| 11:32 | Build | Farm |
| 11:33 | Build | Farm |
| 11:33 | Build | Farm |
| 11:46 | Create | Villager (Male) |
| 11:49 | Build | Farm |
| 11:58 | Build | Palisade Wall |
| 12:00 | Build | Palisade Wall |
| 12:06 | Build | Farm |
| 12:18 | Create | Villager (Male) |
| 12:25 | Create | Scout Cavalry |
| 12:38 | Create | Villager (Male) |
| 12:52 | Create | Villager (Male) |
| 13:13 | Create | Scout Cavalry |
Build order — ELEG | IronLeg
61 actions detected in the replay
| 0:01 | Create | Villager (Male) |
| 0:02 | Build | House |
| 0:03 | Build | House |
| 0:18 | Create | Villager (Male) |
| 0:19 | Create | Villager (Male) |
| 0:19 | Create | Villager (Male) |
| 1:33 | Create | Villager (Male) |
| 1:52 | Build | Lumber Camp |
| 2:04 | Create | Villager (Male) |
| 2:17 | Create | Villager (Male) |
| 2:17 | Create | Villager (Male) |
| 2:34 | Create | Villager (Male) |
| 2:34 | Create | Villager (Male) |
| 2:58 | Build | House |
| 3:11 | Create | Villager (Male) |
| 3:12 | Create | Villager (Male) |
| 3:12 | Create | Villager (Male) |
| 3:35 | Create | Villager (Male) |
| 3:35 | Create | Villager (Male) |
| 3:44 | Build | Palisade Wall |
| 4:02 | Create | Villager (Male) |
| 4:28 | Create | Villager (Male) |
| 4:46 | Build | Mill |
| 5:24 | Create | Villager (Male) |
| 5:36 | Build | House |
| 5:50 | Create | Villager (Male) |
| 6:03 | Create | Villager (Male) |
| 6:04 | Research | Loom |
| 6:44 | Build | House |
| 7:12 | Research | Feudal Age |
| 7:34 | Build | Barracks |
| 8:29 | Create | Villager (Male) |
| 8:46 | Create | Villager (Male) |
| 8:55 | Build | House |
| 9:22 | Age | Feudal Age |
| 9:25 | Build | Stable |
| 9:27 | Research | Double-Bit Axe |
| 9:31 | Create | Villager (Male) |
| 9:44 | Build | Palisade Gate |
| 10:04 | Create | Villager (Male) |
| 10:18 | Create | Scout Cavalry |
| 10:22 | Build | Blacksmith |
| 10:31 | Create | Villager (Male) |
| 10:49 | Create | Scout Cavalry |
| 10:51 | Build | Farm |
| 10:58 | Build | Farm |
| 11:05 | Build | Palisade Wall |
| 11:14 | Create | Villager (Male) |
| 11:38 | Build | Farm |
| 11:45 | Create | Villager (Male) |
| 11:46 | Build | Farm |
| 12:01 | Research | Scale Barding Armor |
| 12:01 | Research | Scale Barding Armor |
| 12:06 | Build | Farm |
| 12:08 | Build | Farm |
| 12:20 | Create | Villager (Male) |
| 12:32 | Create | Villager (Male) |
| 12:36 | Build | Palisade Wall |
| 12:47 | Build | Farm |
| 12:49 | Build | Farm |
| 13:18 | Create | Villager (Male) |
Build order — Bomberman
69 actions detected in the replay
| 0:01 | Create | Villager (Male) |
| 0:01 | Create | Villager (Male) |
| 0:02 | Create | Villager (Male) |
| 0:03 | Build | House |
| 0:04 | Build | House |
| 0:15 | Create | Villager (Male) |
| 0:16 | Create | Villager (Male) |
| 1:15 | Create | Villager (Male) |
| 1:15 | Create | Villager (Male) |
| 1:32 | Create | Villager (Male) |
| 1:32 | Create | Villager (Male) |
| 2:16 | Build | Settlement |
| 2:18 | Create | Villager (Male) |
| 2:19 | Create | Villager (Male) |
| 2:19 | Create | Villager (Male) |
| 2:46 | Create | Villager (Male) |
| 2:47 | Create | Villager (Male) |
| 3:54 | Create | Villager (Male) |
| 3:54 | Create | Villager (Male) |
| 3:55 | Create | Villager (Male) |
| 4:18 | Create | Villager (Male) |
| 4:18 | Create | Villager (Male) |
| 4:49 | Build | Settlement |
| 4:51 | Create | Villager (Male) |
| 4:52 | Create | Villager (Male) |
| 5:36 | Create | Villager (Male) |
| 5:36 | Create | Villager (Male) |
| 6:00 | Create | Villager (Male) |
| 6:09 | Research | Loom |
| 7:16 | Research | Feudal Age |
| 7:16 | Research | Feudal Age |
| 8:19 | Build | Barracks |
| 8:25 | Create | Villager (Male) |
| 9:26 | Age | Feudal Age |
| 9:28 | Create | Villager (Male) |
| 10:02 | Build | Archery Range |
| 10:05 | Build | Settlement |
| 10:10 | Create | Villager (Male) |
| 10:10 | Create | Villager (Male) |
| 10:11 | Create | Villager (Male) |
| 10:19 | Research | Tech 1402 |
| 10:19 | Create | Unit 2550 |
| 10:42 | Create | Villager (Male) |
| 10:42 | Create | Villager (Male) |
| 10:42 | Create | Villager (Male) |
| 10:43 | Create | Villager (Male) |
| 10:43 | Create | Villager (Male) |
| 10:43 | Create | Villager (Male) |
| 10:59 | Create | Villager (Male) |
| 11:06 | Research | Double-Bit Axe |
| 11:12 | Create | Villager (Male) |
| 11:12 | Create | Villager (Male) |
| 11:34 | Create | Unit 2550 |
| 11:36 | Create | Villager (Male) |
| 11:49 | Create | Spearman |
| 11:49 | Create | Spearman |
| 11:50 | Create | Spearman |
| 12:02 | Create | Spearman |
| 12:15 | Create | Archer |
| 12:15 | Create | Archer |
| 12:30 | Build | House |
| 12:36 | Create | Spearman |
| 12:39 | Create | Villager (Male) |
| 12:39 | Create | Villager (Male) |
| 12:49 | Research | Town Watch |
| 12:54 | Build | House |
| 12:56 | Build | House |
| 13:02 | Create | Villager (Male) |
| 13:23 | Create | Villager (Male) |
Match timeline
| 3:44 | ELEG | IronLeg · wall_segment Palisade Wall x7 |
| 4:26 | MAIXA · wall_segment Palisade Wall x1 |
| 6:48 | MAIXA · first_building Barracks |
| 7:34 | ELEG | IronLeg · first_building Barracks |
| 7:52 | MAIXA · wall_segment Palisade Wall x5 |
| 7:53 | MAIXA · wall_segment Palisade Wall x2 |
| 7:53 | MAIXA · wall_segment Palisade Wall x1 |
| 8:13 | Optimus · wall_segment Palisade Wall x1 |
| 8:17 | Optimus · wall_segment Palisade Wall x3 |
| 8:19 | Bomberman · first_building Barracks |
| 8:26 | MAIXA · wall_segment Palisade Wall x1 |
| 8:28 | MAIXA · wall_segment Palisade Wall x1 |
| 8:30 | MAIXA · wall_segment Palisade Wall x7 |
| 9:03 | MAIXA · wall_segment Palisade Wall x1 |
| 9:13 | Optimus · wall_segment Palisade Wall x1 |
| 9:22 | ELEG | IronLeg · age_up feudal |
| 9:25 | ELEG | IronLeg · first_building Stable |
| 9:26 | Bomberman · age_up feudal |
| 9:39 | MAIXA · wall_segment Palisade Wall x1 |
| 9:42 | Optimus · first_building Barracks |
| 10:02 | Bomberman · first_building Archery Range |
| 10:04 | MAIXA · wall_segment Palisade Wall x5 |
| 10:11 | MAIXA · age_up feudal |
| 10:12 | MAIXA · first_building Stable |
| 11:05 | ELEG | IronLeg · wall_segment Palisade Wall x17 |
| 11:08 | Optimus · wall_segment Palisade Wall x1 |
| 11:28 | Optimus · age_up feudal |
| 11:46 | Optimus · first_building Stable |
| 11:58 | MAIXA · wall_segment Palisade Wall x13 |
| 12:00 | MAIXA · wall_segment Palisade Wall x1 |
| 12:28 | Optimus · wall_segment Palisade Wall x5 |
| 12:30 | Optimus · wall_segment Palisade Wall x1 |
| 12:36 | ELEG | IronLeg · wall_segment Palisade Wall x7 |
| 12:41 | Optimus · wall_segment Palisade Wall x1 |
| 12:45 | Optimus · wall_segment Palisade Wall x1 |
| 12:56 | Optimus · resign |
[ AI ANALYSIS · 1 CREDIT ]
What really happened in this match?
Wolo.gg analyzes every decision: build order, eco, micro, common mistakes by bracket. Personalized analysis on WhatsApp or Discord in 30 seconds.
Civ guide
Armenians
Perfil
Jugador #575055